Cogmind - Beta 13 @@@ ROGUE MODE // 2024.04.24 @ 20:09:36 Player: AntinDisguise Result: Destroyed by G-47 Trooper with Particle Gun Performance ------------- Evolutions (2) 1000 Regions Visited (6) 1200 Robots Destroyed (30) 150 Value Destroyed (709) 709 Prototype IDs (1) 20 Alien Tech Used (0) 0 Bonus (0) 0 TOTAL SCORE: 3079 Bonus ------- None Cogmind --------- Core Integrity 0/550 Matter 157/300 Energy 150/150 System Corruption 0% Temperature Cool (67) Movement Core (500) Ox9 Location -8/Materials Parts ------- > --- POWER (2) -------- Micro Nuclear Core > --- PROPULSION (3) --- (None) > --- UTILITY (4) ------ Large Storage Unit > --- WEAPON (2) ------- Heavy Flail > --- INVENTORY (15) --- Light Deuterium Engine Light Treads Improved Cooling System Improved Shield Generator Component Analysis Suite Grenade Launcher Datajack Heavy Mace Katana Katana Peak State ------------ > --- POWER ------------ Light Nuclear Core Micro Nuclear Core > --- PROPULSION ------- Armored Wheel Armored Huge Wheel > --- UTILITY ---------- Large Storage Unit Experimental Sensor Array Utility Shielding Recalibrator > --- WEAPON ----------- Heavy Particle Cannon Heavy Flail > --- INVENTORY -------- Light Deuterium Engine Light Treads Improved Cooling System Improved Shield Generator Component Analysis Suite Grenade Launcher Grenade Launcher Rocket Launcher Datajack Heavy Mace Katana Katana [Rating: 41] Favorites ----------- Power Micro Nuclear Core Engine Ion Engine Power Core Micro Nuclear Core Propulsion Light Treads Treads Light Treads Wheel Compact Wheel Utility Large Storage Unit Device Experimental Sensor Array Storage Large Storage Unit Protection Utility Shielding Weapon Small Laser Energy Gun Small Laser Energy Cannon Heavy Particle Cannon Ballistic Gun Light Assault Rifle Launcher Grenade Launcher Impact Weapon Heavy Flail Build | -11 -10 -9 -9 -9 -8 -8 ------- Run | Yrd Mat Mat Min Exi Min Mat Slots Evolved 4 | . . 2 . . . 2 Power 1 | . . 1 . . . . Propulsion 1 | . . . . . . 1 Utility 2 | . . 1 . . . 1 Weapon . | . . . . . . . Parts Attached 29 | 7 4 2 2 . 7 7 Power 3 | 1 . . 1 . 1 . Engine 1 | 1 . . . . . . Core 2 | . . . 1 . 1 . Reactor . | . . . . . . . Propulsion 7 | 3 . 2 . . 1 1 Treads 2 | . . 2 . . . . Leg . | . . . . . . . Wheel 5 | 3 . . . . 1 1 Hover . | . . . . . . . Flight . | . . . . . . . Utility 5 | 1 2 . 1 . . 1 Device 2 | . . . 1 . . 1 Storage 2 | 1 1 . . . . . Processor . | . . . . . . . Hackware . | . . . . . . . Protection 1 | . 1 . . . . . Artifact . | . . . . . . . Weapon 14 | 2 2 . . . 5 5 Energy Gun 3 | 2 1 . . . . . Energy Cannon 3 | . . . . . 2 1 Ballistic Gun 1 | . 1 . . . . . Ballistic Cannon . | . . . . . . . Launcher 5 | . . . . . 2 3 Special Weapon . | . . . . . . . Impact Weapon 2 | . . . . . 1 1 Slashing Weapon . | . . . . . . . Piercing Weapon . | . . . . . . . Special Melee Weapon . | . . . . . . . Unidentified Prototypes 1 | . . . 1 . . . Parts Lost 14 | . 4 . . . 1 9 Power 2 | . 1 . . . . 1 Propulsion 4 | . 1 . . . 1 2 Utility 3 | . . . . . . 3 Weapon 5 | . 2 . . . . 3 Highest Loss Streak 9 | . 4 . . . 1 9 To Critical Strikes . | . . . . . . . Average Slot Usage (%) 84 | . 81 66 72 88 92 67 Engine 2 | . 6 . . . . . Core 8 | . . . 1 11 15 15 Treads 13 | . . 22 22 22 21 . Wheel 7 | . 20 . . . . 11 Device 6 | . . . 5 11 11 12 Storage 11 | . 14 11 11 11 11 9 Protection 10 | . 11 11 11 11 11 3 Energy Gun 12 | . 19 11 11 11 8 . Ballistic Gun 8 | . 7 11 11 11 8 . Launcher 1 | . . . . . 3 3 Naked Turns . | . . . . . . . Heaviest Build 43 | 13 29 23 30 30 42 43 Greatest Support 40 | 32 32 40 40 40 40 40 Greatest Overweight (x) 11 | . 1 . . . 2 11 Average Overweight (x) . | . . . . . . 1 Largest Inventory Capacity 15 | 8 15 15 15 15 15 15 Average Capacity 14 | 6 14 15 15 15 15 15 Most Carried 15 | 5 6 5 10 10 15 12 Average Carried 8 | 2 4 3 4 10 12 11 Final Capacity 15 | 8 15 15 15 15 15 15 Final Carried 13 | 2 5 3 10 10 13 10 Class Distribution -------------------- 100% | Mutant Dominant Class ---------------- Mutant | -10/Materials Mutant | -9/Materials Mutant | -9/Mines Mutant | -9/Exiles Mutant | -8/Mines Mutant | -8/Materials Resources | -11 -10 -9 -9 -9 -8 -8 ----------- Run | Yrd Mat Mat Min Exi Min Mat Matter Collected 487 | 235 79 . 11 . 155 7 Remotely . | . . . . . . . Salvage Created 692 | 85 303 . . . 280 24 Parts 52 | 7 33 . . . 6 6 Haulers Intercepted . | . . . . . . . Recyclers Shooed 2 | 1 . . . . 1 . Parts Field Recycled . | . . . . . . . Retrieved Matter . | . . . . . . . Parts Self-Destructed . | . . . . . . . Prevented . | . . . . . . . Kills | -11 -10 -9 -9 -9 -8 -8 ------- Run | Yrd Mat Mat Min Exi Min Mat Combat Hostiles Destroyed 23 | . 12 . . . 6 5 Melee 2 | . . . . . 2 . Guns 15 | . 12 . . . 3 . AOE 5 | . . . . . . 5 Classes Destroyed 9 | 2 5 . . . 1 1 Builder 1 | . 1 . . . . . Tunneler 2 | 1 . . . . 1 . Recycler 1 | 1 . . . . . . Operator 1 | . 1 . . . . . Watcher 2 | . 2 . . . . . Swarmer 12 | . 8 . . . . 4 Grunt 9 | . 4 . . . 5 . Duelist 1 | . . . . . 1 . Sentry 1 | . . . . . . 1 Best Kill Streak 8 | 2 8 . . . 3 4 Combat Bots Only 6 | . 6 . . . 3 4 Max Kills in Single Turn 3 | 1 2 . . . 1 3 Gunslinging 1 | . 1 . . . . . Exploded 3 | . . . . . . 3 Melee 1 | . . . . . 1 . Uniques/NPCs Destroyed . | . . . . . . . Combat | -11 -10 -9 -9 -9 -8 -8 -------- Run | Yrd Mat Mat Min Exi Min Mat Hostile Shots Fired 201 | . 75 . . . 41 85 Missed 50 | . 22 . . . 7 21 Damage Taken 2461 | . 523 . . . 590 1348 Core 814 | . 158 . . . 101 555 Absorbed by Shields . | . . . . . . . Redirected to Shielding 58 | . 23 . . . 19 16 Core Remaining (%) 70 | 100 36 . . . 74 . Volleys Fired 94 | 5 48 . . . 24 17 Largest 2 | 2 2 . . . 2 2 Hottest 90 | 90 90 . . . 60 75 Shots Fired 163 | 10 86 . . . 48 19 Gun 140 | 10 86 . . . 44 . Cannon 8 | . . . . . . 8 Launcher 15 | . . . . . 4 11 Special . | . . . . . . . Kinetic 40 | . 18 . . . 22 . Thermal 108 | 10 68 . . . 22 8 Explosive 15 | . . . . . 4 11 Electromagnetic . | . . . . . . . Robot Hit Streak 20 | 3 5 . . . 20 8 Robot Miss Streak 6 | 2 6 . . . 1 1 Penetration Max . | . . . . . . . Secondary Targets 3 | . 2 . . . 1 . Max Gunslinging Chain 1 | . 1 . . . 1 . Shots Hit Robots 102 | 5 39 . . . 45 13 Core Hits 48 | 3 20 . . . 16 9 Critical Kills . | . . . . . . . Critical Parts Destroyed 1 | . . . . . 1 . Critical Strikes 3 | . 2 . . . 1 . Burn 2 | . 2 . . . . . Smash 1 | . . . . . 1 . Melee Attacks 9 | . . . . . 9 . Impact 9 | . . . . . 9 . Slashing . | . . . . . . . Piercing . | . . . . . . . Sneak Attacks . | . . . . . . . Combat Hostiles . | . . . . . . . Follow-up Attacks . | . . . . . . . Damage Inflicted 1955 | 58 716 . . . 680 501 Guns 897 | 58 476 . . . 363 . Cannons 200 | . . . . . . 200 Explosions 541 | . 240 . . . . 301 Melee 295 | . . . . . 295 . Ramming 22 | . . . . . 22 . Kinetic 222 | . 69 . . . 153 . Thermal 1115 | 58 647 . . . 210 200 Explosive 301 | . . . . . . 301 Electromagnetic . | . . . . . . . Impact 295 | . . . . . 295 . Slashing . | . . . . . . . Piercing . | . . . . . . . Highest Corruption . | . . . . . . . Average Corruption . | . . . . . . . Corruption Purged . | . . . . . . . Corruption Blocked . | . . . . . . . Overload Shots . | . . . . . . . Overflow Damage 171 | . 85 . . . 86 . Projectiles . | . . . . . . . Explosions 85 | . 85 . . . . . Melee 86 | . . . . . 86 . Knockbacks . | . . . . . . . Impact . | . . . . . . . Kinetic . | . . . . . . . Secondary . | . . . . . . . Self-Inflicted Damage 13 | . . . . . . 13 Shots 1 | . . . . . . 1 Rammed 3 | . . . . . 3 . Targets Rammed 4 | . . . . . 4 . Kicked . | . . . . . . . Crushed 1 | . . . . . 1 . Highest Temperature 216 | 110 210 . . . 216 211 Average Temperature 66 | 48 53 . . . 91 74 Received Heat Transfer 723 | . 84 . . . 288 351 Siege Activations . | . . . . . . . Robots Corrupted . | . . . . . . . Combat Hostiles . | . . . . . . . Parts Fried 3 | . . . . . 3 . Impact Corruptions 2 | . . . . . 2 . Robots Melted . | . . . . . . . Combat Hostiles . | . . . . . . . Parts Melted 5 | . 5 . . . . . Heat Transferred 2273 | 161 1341 . . . 475 296 Parts Sabotaged . | . . . . . . . Parts Stolen . | . . . . . . . Parts Stripped . | . . . . . . . Power Chain Reactions . | . . . . . . . Alert | -11 -10 -9 -9 -9 -8 -8 ------- Run | Yrd Mat Mat Min Exi Min Mat Peak Influence 339 | 10 339 45 17 . 90 152 Initial 45 | . 6 45 17 . . 24 Average 61 | 3 137 45 16 . 21 86 Maximum Alert Level 1 | . 1 . . . . . Low Security (%) 87 | 100 62 100 100 . 100 100 Level 1 12 | . 37 . . . . . Level 2 . | . . . . . . . Level 3 . | . . . . . . . Level 4 . | . . . . . . . Level 5 . | . . . . . . . High Security . | . . . . . . . Max Security . | . . . . . . . Squads Dispatched 5 | . 3 . 1 . . 1 Investigation 2 | . 1 . 1 . . . Extermination . | . . . . . . . Reinforcement 3 | . 2 . . . . 1 Assault . | . . . . . . . Garrison . | . . . . . . . Intercept . | . . . . . . . Searches Triggered . | . . . . . . . Construction Impeded . | . . . . . . . Haulers Reinforced . | . . . . . . . Active Scanning Responses . | . . . . . . . Cargo Convoy Interrupts . | . . . . . . . Stealth | -11 -10 -9 -9 -9 -8 -8 --------- Run | Yrd Mat Mat Min Exi Min Mat Distress Signals 2 | . 1 . 1 . . . Communications Jammed . | . . . . . . . Distress Signals . | . . . . . . . Times Spotted 41 | . 25 . 1 . 6 9 Peak Tracking Total 8 | . 8 . 1 . 3 6 Tactical Retreats 1 | . 1 . . . . . Traps | -11 -10 -9 -9 -9 -8 -8 ------- Run | Yrd Mat Mat Min Exi Min Mat Traps Triggered 4 | . 4 . . . . . Indirectly . | . . . . . . . Trap Hack Attempts . | . . . . . . . Triggered . | . . . . . . . Disarmed . | . . . . . . . Reprogrammed . | . . . . . . . Reused . | . . . . . . . Traps Extracted . | . . . . . . . Installed . | . . . . . . . Triggered . | . . . . . . . Machines | -11 -10 -9 -9 -9 -8 -8 ---------- Run | Yrd Mat Mat Min Exi Min Mat Machines Disabled 5 | . 4 . . . . 1 Max in Single Turn 4 | . 4 . . . . 1 Machines Repaired . | . . . . . . . Machines Dismantled . | . . . . . . . Machines Sabotaged . | . . . . . . . Overloaded Fab Kills . | . . . . . . . Hacking | -11 -10 -9 -9 -9 -8 -8 --------- Run | Yrd Mat Mat Min Exi Min Mat Machines Accessed 5 | . 4 . 1 . . . Terminals 3 | . 3 . . . . . Fabricators . | . . . . . . . Repair Stations . | . . . . . . . Recycling Units 1 | . 1 . . . . . Scanalyzers . | . . . . . . . Garrison Access . | . . . . . . . Total Hacks 6 | . 5 . 1 . . . Successful 4 | . 3 . 1 . . . Failed 2 | . 2 . . . . . Catastrophic 1 | . 1 . . . . . Database Lockouts . | . . . . . . . Manual . | . . . . . . . Terminals 3 | . 3 . . . . . Fabricators . | . . . . . . . Repair Stations . | . . . . . . . Recycling Units 2 | . 2 . . . . . Scanalyzers . | . . . . . . . Garrison Access . | . . . . . . . Terminal Hacks 4 | . 3 . 1 . . . Open Door 1 | . . . 1 . . . Alert Level 1 | . 1 . . . . . Zone Layout 2 | . 2 . . . . . Fabricator Hacks . | . . . . . . . Repair Station Hacks . | . . . . . . . Recycling Unit Hacks . | . . . . . . . Scanalyzer . | . . . . . . . Garrison Access Hacks . | . . . . . . . Unauthorized Hacks . | . . . . . . . Terminals . | . . . . . . . Fabricators . | . . . . . . . Repair Stations . | . . . . . . . Recycling Units . | . . . . . . . Scanalyzers . | . . . . . . . Garrison Access . | . . . . . . . Data Cores Recovered . | . . . . . . . Used . | . . . . . . . Hacking Detections 3 | . 3 . . . . . Full Trace Events . | . . . . . . . Feedback Events . | . . . . . . . Feedback Blocked . | . . . . . . . Robot Schematics Acquired . | . . . . . . . Robots Built . | . . . . . . . Authchips . | . . . . . . . Time . | . . . . . . . Total Robot Build Rating . | . . . . . . . Part Schematics Acquired . | . . . . . . . Parts Built . | . . . . . . . Authchips . | . . . . . . . Time . | . . . . . . . Total Part Build Rating . | . . . . . . . Parts Repaired . | . . . . . . . Time . | . . . . . . . Parts Recycled . | . . . . . . . Recycled Matter . | . . . . . . . Retrieved Matter . | . . . . . . . Retrieved Components . | . . . . . . . Parts Scanalyzed . | . . . . . . . Part Schematics Acquired . | . . . . . . . Parts Damaged . | . . . . . . . Bothacking | -11 -10 -9 -9 -9 -8 -8 ------------ Run | Yrd Mat Mat Min Exi Min Mat Used RIF Installer . | . . . . . . . Robots Hacked . | . . . . . . . Non-combat . | . . . . . . . Combat . | . . . . . . . Robot Hacks Applied . | . . . . . . . Relay Couplers Released . | . . . . . . . Fabnet Peak Effective % . | . . . . . . . Robots Rewired . | . . . . . . . Allies Hacked . | . . . . . . . Hacks Repelled . | . . . . . . . Allies | -11 -10 -9 -9 -9 -8 -8 -------- Run | Yrd Mat Mat Min Exi Min Mat Total Allies . | . . . . . . . Largest Group . | . . . . . . . Highest-Rated Group . | . . . . . . . Highest-Rated Ally . | . . . . . . . Total Orders . | . . . . . . . Ally Attacks . | . . . . . . . Total Damage . | . . . . . . . Kills . | . . . . . . . Allies Corrupted . | . . . . . . . Allies Melted . | . . . . . . . Intel | -11 -10 -9 -9 -9 -8 -8 ------- Run | Yrd Mat Mat Min Exi Min Mat Robot Analysis Total . | . . . . . . . Derelict Logs Recovered . | . . . . . . . Drone Launches . | . . . . . . . Drone Recoveries . | . . . . . . . Exploration | -11 -10 -9 -9 -9 -8 -8 ------------- Run | Yrd Mat Mat Min Exi Min Mat Turns Passed 3363 | 78 1061 14 401 95 1573 141 Spaces Moved 1976 | 52 757 8 241 60 789 69 Core 7 | 4 . . . . . 3 Treads 1096 | . . 8 241 60 787 . Legs . | . . . . . . . Wheels 873 | 48 757 . . . 2 66 Hover . | . . . . . . . Flight . | . . . . . . . Fastest Speed 50 | 50 100 160 160 160 115 110 Average Speed 139 | 90 109 160 160 160 163 130 Slowest Speed 600 | 100 115 160 160 160 320 600 Overloaded Moves . | . . . . . . . Propulsion Burnouts . | . . . . . . . Robots Hopped . | . . . . . . . Cave-ins Triggered . | . . . . . . . Exploration Rate (%) 37 | 5 95 2 44 9 101 9 Regions Visited 6 Branch Regions 3 Pre-discovered Areas . | . . . . . . . Known Exits Taken . | . . . . . . . Unknown Exits Taken 6 | 1 1 1 1 1 1 . Scrap Searched 3 | . . . . . 3 . Spaces Dug 57 | . . . . . 36 21 Terrain Destroyed 129 | . 18 . . . 36 75 Melee . | . . . . . . . Projectile . | . . . . . . . AOE 129 | . 18 . . . 36 75 Terrain Rammed . | . . . . . . . Walls Destroyed . | . . . . . . . Machines Disabled . | . . . . . . . Actions | -11 -10 -9 -9 -9 -8 -8 --------- Run | Yrd Mat Mat Min Exi Min Mat Total 2422 | 73 909 10 257 59 1011 103 Wait 275 | . 93 . 7 . 166 9 Move 1970 | 51 756 7 240 59 788 69 Hop . | . . . . . . . Pick Up 33 | 9 7 . 8 . 8 1 Fast Attach . | . . . . . . . Attach 23 | 6 4 2 2 . 5 4 Detach 3 | . . . . . 3 . Swap 6 | 1 . . . . 2 3 Drop 5 | 1 1 1 . . 2 . Fire 94 | 5 48 . . . 24 17 Melee 9 | . . . . . 9 . Ram . | . . . . . . . Kick . | . . . . . . . Crush 4 | . . . . . 4 . Escape Stasis . | . . . . . . . Rewire . | . . . . . . . Trap . | . . . . . . . Miscellaneous . | . . . . . . . Route ------- -11/Scrapyard -10/Materials (discovered 4 exits: [*Mat x3] / [*Min]) -9/Materials -9/Mines -9/Exiles -8/Mines (discovered 2 exits: *Mat x2) -8/Materials (discovered 1 exit: [*Fac]) History --------- Turn | Location | Event 11 | -11/Scrapyard | Discovered new exit (range 15) 79 | -11/Scrapyard | Entered Materials 307 | -10/Materials | Build established: Mutant 332 | -10/Materials | Discovered new exit (range 3) 493 | -10/Materials | Discovered new exit (range 7) 574 | -10/Materials | Core integrity fell below 50% 600 | -10/Materials | Lost 4 parts (1p1n2w) 664 | -10/Materials | Discovered new exit (range 17) 912 | -10/Materials | Discovered new exit (range 5) 1140 | -10/Materials | Entered another Materials area 1140 | -9/Materials | Evolved 2 slots: Power x1, Utility x1 1143 | -9/Materials | Discovered new exit (range 7) 1154 | -9/Materials | Entered Mines 1161 | -9/Mines | Received a Rocket Launcher from a helpful Derelict 1347 | -9/Mines | Found a damaged Exp. Sensor Array with a note attached 1348 | -9/Mines | Assembled infested the area 1350 | -9/Mines | Found Prototype Device 1351 | -9/Mines | Identified Exp. Sensor Array 1353 | -9/Mines | Assisted by a Guerilla fighting off Assembled 1501 | -9/Mines | Met a Derelict shopkeep closing up shop 1547 | -9/Mines | Deemed a non-threat by the Exiles lab entrance 1547 | -9/Mines | Discovered new exit (range 5) 1555 | -9/Mines | Entered Exiles 1589 | -9/Exiles | Discovered new exit (range 15) 1650 | -9/Exiles | Entered Mines 1986 | -8/Mines | Discovered new exit (range 9) 3201 | -8/Mines | Discovered new exit (range 8) 3223 | -8/Mines | Entered Materials 3223 | -8/Materials | Evolved 2 slots: Propulsion x1, Utility x1 3280 | -8/Materials | Discovered new exit (range 14) 3350 | -8/Materials | Core integrity fell below 50% 3359 | -8/Materials | Core integrity fell below 20% 3364 | -8/Materials | Destroyed by G-47 Trooper with Particle Gun Last Messages --------------- Knocked back. Acquired 7 matter. K-01 Serf collects debris. U-05 Engineer lays Concrete. Slug penetrates Hadron Collector. U-05 Engineer builds a Wall. K-01 Serf collects debris. The unstable cave ceiling collapses. U-05 Engineer builds a Wall. K-01 Serf collects debris. K-01 Serf destroyed. The unstable cave ceiling collapses. Arm. Huge Wheel destroyed. Penetrated by Slug. Exp. Sensor Array destroyed. Knocked back. Hvy. Particle Cannon destroyed. The unstable cave ceiling collapses. Knocked back. Critical hit (Burn: +37). Map ----- +----------------------------------------------------+ | ?????????????????????????????????????????????????? | | ?????????????????????????????????????????????????? | | ?????????????????????????????????????????????????? | | ?????????????????????????????????????????????????? | | ?????????????????????????????????????????????????? | | ?????????????????????????????????????????????????? | | ?????????????????????????????????????????????????? | | ?????????????????????????????????????????????????? | | ?????????????????????????????????????????????????? | | ?????????????????????????????????????????????????? | | ?????????????????????????????????????????????????? | | ?????????????????????????????????????????????????? | | ?????????????????????????????????????????????????? | | ????????? ?????????????????????????????????????? | | ????????# ?????????????????????????????????????? | | ????????# ?????????????????????????????????????? | | ????????# ?????????????????????????????????????? | | ????????# #?????????????????????#??????????????? | | ????????# #????????????????? #??????????????? | | ????????# ##????????????????" #??????????????? | | ????????# ???????####?????"" #??????????????? | | ????????# ????#### ##???""" #??????????????? | | ????????+ ????# #?? #??????????????? | | ????????# ########## ### +#+## #?????????? | | ????????# # # g% #?????????? | | ????????# #! ! ### @ #?????????? | | ????????# # %%#%%H " #?????????? | | ????????# + ! "" %# g # !! ""????????? | | ????????# # """ T"#% g #??!! T"????????? | | ?######## # !! S" " # !! "?????????? | | ?# # #/!! """ "" =[ #?????????? | | ?# # #/! """ ###*%% #?????????? | | ?# + # #? !! ##"T"# < #?????????? | | ?# # ##########? # ####?????????????? | | ?# # #?????????# #????????????????? | | ?# #####????????? #???????????????? | | ?########????????????? # ##???????????????? | | ?????????????????????? # # ????????????????? | | ?????????????????????? # ######???????????????? | | ??????????????????????# # #????????????????? | | | | | | | | | | | | | | | | | | | | | +----------------------------------------------------+ Best States ------------- Heat Dissipation 31 Energy Generation 24 Energy Capacity 250 Matter Stores 300 Matter Capacity 300 Sight Range 16 Robot Scan Range 20 Terrain Scan Density 10 Utility Shielding 33 Evasion (%) 42 Recoil Reduction 2 Item Schematics ----------------- None Robot Schematics ------------------ None Fabricated ------------ Nothing Alien Tech Used ----------------- None Achievements -------------- None Challenges ------------ None Game ------ Seed MobileCoordinationShotgun Manual? 0 Play Time 00:21:55 Cumulative 25.9 hours Start 2024.04.24 @ 19:50:16 End 2024.04.24 @ 20:09:36 Sessions 1 Manual Loads 0 Difficulty Rogue Special Mode None Game No. 70 Rogue 68 Adventurer 2 Explorer 0 Win Type - Total 0 Types 0/0/0/0/0/0/0/0/0 Lore% 22 Gallery% 30 Achievement% 23 Wizard Run 0 Options --------- Layout 1 ASCII 0 Keyboard 0 Movement Mouse Keybinds 0 Fullscreen 1 Font 16/SmallcapsGlow Map View 55x38 Zoom Use 17% Tactical HUD 0 Map Filters NONE Filters NONE Steam 1 RUN: 7f71239f-bec9-43a8-8c72-ab5c39a4f3e1